 Dungeon Crawl Stone Soup version 0.31-a0-986-g5e6e4ef867 (webtiles) character file.

Game seed: 15271953201632270337

64866 serber55 the Fencer (level 14, 0/193 HPs)
             Began as a Demonspawn Monk on Nov 15, 2023.
             Was the Champion of Jiyva.
             Killed by vampiric draining
             ... invoked by a vampire knight
              (8 damage)
             ... on level 12 of the Dungeon.
             The game lasted 00:52:29 (14312 turns).

serber55 the Fencer (Demonspawn Monk)              Turns: 14312, Time: 00:52:30

Health: 0/193      AC: 27    Str: 14    XL:     14   Next: 73%
Magic:  0/14       EV:  2    Int: 12    God:    Jiyva [******]
Gold:   102        SH:  0    Dex: 22    Spells: 13/13 levels left

rFire   . . .        y - +5 great sword (freeze)
rCold   . . .        (shield currently unavailable)
rNeg    + . .        e - melded +0 ring mail
rPois   +            (helmet currently unavailable)
rElec   +            D - melded +0 cloak
rCorr   +            o - melded +2 pair of gloves
SInv    +            (boots currently unavailable)
Will    ++...        (no amulet)
Stlth   +++          a - ring of Secrets {rElec Will+ Slay+3 Stlth+}
HPRegen 2.12/turn    K - ring of Ticips {rPois rN+ Dex+2 SInv}
MPRegen 0.78/turn

%: guardian spirit
@: mighty, tree-form (expiring), invisible
A: stationary, stasis, torment immunity, boosted hp, (hooves 1), (icy blue
scales 3), (spiny 2), magic shield, magic regeneration, (fangs 3), (horns 1),
agile 1, mutation resistance 1, robust 1, (translucent skin 1), (engulf), noise
suppression
a: Renounce Religion, Oozemancy, Slimify


You were on level 12 of the Dungeon.
You worshipped Jiyva.
Jiyva was exalted by your worship.
You were a tree.
You visited 2 branches of the dungeon, and saw 16 of its levels.
You also visited: Sewer.

You collected 696 gold pieces.
You spent 594 gold pieces at shops.

Inventory:

Hand Weapons
 h - a +0 long sword of flaming
 y - a +5 great sword of freezing (weapon)
 E - a +4 great sword
Missiles
 A - 19 poisoned darts (quivered)
Armour
 d - an orb of light
 e - a +0 ring mail (melded)
 o - a +2 pair of gloves (melded)
 D - a +0 cloak (melded)
 F - a +1 helmet
Jewellery
 a - the ring of Secrets (left branch) {rElec Will+ Slay+3 Stlth+}
   (You found it on level 5 of the Dungeon)

   [ring of willpower]

   Slay+3:    It affects your accuracy & damage with ranged weapons and melee
   (+3).
   rElec:     It insulates you from electricity.
   Will+:     It increases your willpower.
   Stlth+:    It makes you more stealthy.
 g - a +6 ring of strength
 m - a ring of see invisible
 x - a ring of flight
 C - a ring of willpower
 K - the ring of Ticips (right branch) {rPois rN+ Dex+2 SInv}
   (You acquired it on level 2 of the Dungeon)

   [ring of poison resistance]

   Dex+2:     It affects your dexterity (+2).
   rPois:     It protects you from poison rN+: It protects you from negative
   energy.
   SInv:      It lets you see invisible.
Wands
 c - a wand of roots (12)
 B - a wand of flame (29)
Scrolls
 i - 3 scrolls of fear
 j - 3 scrolls of blinking
 k - 6 scrolls of teleportation
 l - 5 scrolls of vulnerability
 p - a scroll of butterflies
 w - 2 scrolls of amnesia
 z - a scroll of poison
 H - a scroll of immolation
 I - a scroll of identify
 J - a scroll of fog
Potions
 b - 4 potions of brilliance
 f - 3 potions of magic
 n - a potion of enlightenment
 r - 5 potions of curing
 s - 3 potions of haste
 v - a potion of invisibility
 G - a potion of mutation


   Skills:
 + Level 13.5 Fighting
 * Level 16.9 Long Blades
 + Level 12.0 Armour
 + Level 5.3 Dodging


You had 13 spell levels left.
You didn't know any spells.
Your spell library contained the following spells:

 Spells                   Type           Power      Damage    Failure   Level
 Cigotuvi's Dreadful Rot  Necr/Pois/Air  0%         N/A       45%         2
 Ignite Poison            Fire/Tmut/Pois 0%         N/A       69%         3
 Dispel Undead            Necr           0%         3d6       97%         4
 Sticky Flame             Conj/Fire      0%         2d3       97%         4
 Death Channel            Necr           0%         N/A       100%        6
 Simulacrum               Ice/Necr       0%         N/A       100%        6
 Ozocubu's Refrigeration  Ice            0%         4d7       100%        7
 Ignition                 Fire           0%         3d3       100%        8
 Polar Vortex             Ice            0%         N/A       100%        9


Dungeon Overview and Level Annotations

Branches:
Dungeon (12/15)            Temple (0/1) D:7            Lair (4/5) D:11
 Shoals (0/4) Lair:2       Spider (0/4) Lair:3          Orc (0/2) D:12
  Sewer (visited)
  Slime: Lair:4-5

Altars:
Cheibriados
Gozag
Uskayaw
Wu Jian

Shops:
D:2 ?   D:6 *   D:10 (   D:12 (

Annotations:
D:12 3 runed translucent doors


Innate Abilities, Weirdness & Mutations

You are a tree.
Your roots penetrate the ground, keeping you stationary.
You cannot be teleported.
You are immune to unholy pain and torment.
Your maximum health is greatly increased.
Your equipment is partially melded.
((You have large cloven feet.))
((You are completely covered in icy blue scales. (AC +4, rC+)))
((You are mostly covered in sharp spines.))
When hurt, damage is shared between your health and your magic reserves.
You regenerate magic rapidly.
((You have razor-sharp teeth.))
((You have a pair of small horns on your head.))
You are agile. (Dex +4, Str/Int -1)
You are somewhat resistant to further mutation.
You are robust. (+10% HP)
((Your translucent skin slightly reduces your foes' accuracy. (Stealth+)))
((Your melee attacks may engulf your foes in ooze.))
You passively dampen the noise of your surroundings.


Message History

The vampire knight hits you with a +1 great sword!!
* * * LOW HITPOINT WARNING * * *
The vampire knight bites you but does no damage.
Unknown command.
You feel much better.
The vampire knight hits you with a +1 great sword!
* * * LOW HITPOINT WARNING * * *
The vampire knight bites you but does no damage.
The vampire knight hits you with a +1 great sword.
* * * LOW HITPOINT WARNING * * *
The vampire knight bites you!
* * * LOW HITPOINT WARNING * * *
The vampire knight draws strength from your injuries!
Okay, then.
You feel very mighty all of a sudden.
The vampire knight hits you with a +1 great sword!
* * * LOW HITPOINT WARNING * * *
The vampire knight bites you.
* * * LOW HITPOINT WARNING * * *
The vampire knight draws strength from your injuries!
Unknown command.
The komodo dragon hisses angrily.
You hit the vampire knight but do no damage.
The vampire knight is moderately damaged.
The vampire knight hits you with a +1 great sword.
* * * LOW HITPOINT WARNING * * *
The vampire knight bites you but does no damage.
Unknown command.
You slash the vampire knight! You freeze the vampire knight.
The vampire knight is heavily damaged.
The vampire knight hits you but does no damage.
The vampire knight bites you but does no damage.
The vampire knight hits you with a +1 great sword!
* * * LOW HITPOINT WARNING * * *
The vampire knight bites you but does no damage.
You slice the vampire knight!! You freeze the vampire knight.
The vampire knight is almost destroyed.
Your transformation is almost over.
The vampire knight draws life force from you!
You die...

#################################
§§≈≈§≈≈≈§≈≈≈§≈≈≈§≈≈≈§≈§≈≈≈≈≈≈≈≈≈§
....§..≈≈§§≈§≈≈≈§§≈≈§§§≈≈≈≈§≈....
.............≈≈≈≈§§≈≈≈≈..........
(....(.........§.................
.....)........lV.................
.....†..§......)♣..............).
...§§≈≈≈§§≈≈§≈≈§§§≈§§≈§§§≈≈§≈≈≈≈(
##'§############################)
#§§...CO...#≈≈≈≈≈≈≈≈≈≈ #........
#≈.........#...≈≈≈≈≈≈.. #........
#≈.........#.....)|.....#.......§
#≈≈.......Vl....))[.....+......§.
#≈≈≈.......'....?::.....+......§≈
##§≈≈......'....[. O+......§≈


You could see a vampire knight (fast, invisible) and a komodo dragon (wandering,
unable to see you).

Vanquished Creatures
  A sphinx (D:12)
  A fire giant (D:12)
  Erolcha (D:9)
  4 hydras
  Erica (D:7)
  2 boulder beetles
  12 two-headed ogres
  11 death yaks
  Urug (Lair:3)
  3 skysharks
  5 skeletal warriors (D:11)
  Lodul (D:11)
  Pikel (D:7)
  4 lindwurms (Lair:4)
  A deep elf pyromancer (D:9)
  An ugly thing (D:12)
  6 cyclopes
  A manticore (D:12)
  A black mamba (Lair:4)
  Maurice (D:8)
  8 elephants
  A torpor snail (Lair:1)
  Maggie (D:6)
  11 cane toads
  A kobold demonologist (D:9)
  A rime drake (Lair:4)
  Jeremiah (D:9)
  Psyche (D:11)
  An unseen horror (D:12)
  5 komodo dragons
  5 trolls
  3 hornets
  19 blink frogs
  Prince Ribbit (D:7)
  6 wyverns
  50 yaks
  4 shadows
  4 wraiths
  Eustachio (D:6)
  2 basilisks (Lair:1)
  A steam dragon (D:7)
  A two-headed ogre zombie (D:10)
  Edmund (D:4)
  14 water moccasins
  3 acid dragons
  2 ice beasts (D:5)
  7 orc warriors
  12 black bears
  17 ogres
  2 centaurs
  9 wolves
  A lemure (D:7)
  2 kobold brigands
  9 bullfrogs
  7 scorpions
  14 wights
  4 killer bees (D:8)
  4 lava snakes (D:12)
  2 hounds
  3 jellies
  5 orc priests
  A gnoll bouda (D:7)
  A sleepcap (D:5)
  4 iguanas
  5 orc wizards
  5 gnolls
  11 adders
  4 river rats (Sewer)
  2 shadow imps (D:5)
  A white imp (D:6)
  A worm (Sewer)
  A dart slug (D:3)
  32 orcs
  16 endoplasms
  7 giant cockroaches
  5 goblins
  13 hobgoblins
  5 jackals
  3 quokkas
  18 ball pythons
  5 bats
  5 frilled lizards
  11 kobolds
  13 rats
474 creatures vanquished.

Vanquished Creatures (collateral kills)
  A boulder beetle (D:12)
1 creature vanquished.

Vanquished Creatures (others)
  A kobold demonologist (D:12)
  2 slime creatures (D:12)
  A spriggan (shapeshifter) (D:11)
  A wraith (D:12)
  An ogre (D:10)
  A black bear (D:6)
  44 jellies
  An orc priest (D:12)
  A gnoll (D:7)
  4 orcs
  3 kobolds (D:12)
60 creatures vanquished.

Grand Total: 535 creatures vanquished

Notes
Turn   | Place    | Note
-------+----------+-------------------------------------------
     0 | D:1      | serber55 the Demonspawn Monk began the quest for the Orb.
     0 | D:1      | Reached XP level 1. HP: 18/18 MP: 1/1
   102 | D:1      | Reached skill level 3 in Long Blades
   212 | D:1      | Gained mutation: You are partially covered in icy blue
                  | scales. (AC +2) [demonic ancestry]
   212 | D:1      | Reached XP level 2. HP: 23/24 MP: 2/2
   477 | D:1      | Reached skill level 1 in Armour
   630 | D:1      | Reached XP level 3. HP: 29/29 MP: 3/3
  1527 | D:2      | Found Tinu's Magic Scroll Shoppe.
  1530 | D:2      | Bought a scroll of identify for 22 gold pieces
  2157 | D:3      | Gained mutation: You are mostly covered in icy blue scales.
                  | (AC +3) [demonic ancestry]
  2157 | D:3      | Reached XP level 4. HP: 35/35 MP: 4/4
  2276 | D:3      | Reached skill level 4 in Long Blades
  2294 | D:3      | Gained mutation: You regenerate magic rapidly. [demonic
                  | ancestry]
  2294 | D:3      | Reached XP level 5. HP: 30/42 MP: 5/5
  2700 | D:4      | Gained mutation: You expend magic power (3 MP) to
                  | strengthen your wands. [potion of mutation]
  2700 | D:4      | Gained mutation: You are clumsy. (Dex -2) [potion of
                  | mutation]
  2837 | D:4      | Lost mutation: You expend magic power (3 MP) to strengthen
                  | your wands. [potion of mutation]
  2837 | D:4      | Lost mutation: You are clumsy. (Dex -2) [potion of
                  | mutation]
  2837 | D:4      | Gained mutation: Your skin changes colour to match your
                  | surroundings (Stealth+). [potion of mutation]
  2837 | D:4      | Gained mutation: You are occasionally teleported next to
                  | monsters. [potion of mutation]
  2922 | D:4      | Noticed Edmund
  3134 | D:4      | Gained mutation: When hurt, damage is shared between your
                  | health and your magic reserves. [demonic ancestry]
  3134 | D:4      | Reached XP level 6. HP: 14/48 MP: 6/6
  3467 | D:4      | Killed Edmund
  3468 | D:4      | Reached skill level 5 in Long Blades
  3677 | D:5      | Entered Level 5 of the Dungeon
  3706 | D:5      | Gained mutation: You have large cloven feet. [demonic
                  | ancestry]
  3706 | D:5      | Reached XP level 7. HP: 50/55 MP: 7/7
  3836 | D:5      | Reached skill level 5 in Fighting
  3836 | D:5      | Reached skill level 6 in Long Blades
  3837 | D:5      | Identified the ring of Secrets {rElec Will+ Slay+3 Stlth+}
  3844 | D:5      | Identified the +1 short sword "Jiuttana" {elec, rElec Dex-3
                  | SInv}
  3897 | D:5      | Found a glowing drain.
  3901 | Sewer    | Entered a sewer
  4130 | Sewer    | Found a viscous altar of Jiyva.
  4140 | Sewer    | Reached XP level 8. HP: 60/63 MP: 6/8
  4188 | Sewer    | Identified the +0 robe "Ditzoy" {rPois SInv}
  4212 | Sewer    | Became a worshipper of Jiyva Jiat the Shapeless
  4212 | Sewer    | Reached * piety under Jiyva
  4212 | Sewer    | Reached ** piety under Jiyva
  4398 | D:5      | Reached skill level 7 in Long Blades
  4981 | D:6      | Found Fesony's General Store.
  5041 | D:6      | Found an opulent altar of Gozag.
  5080 | D:6      | Noticed Eustachio
  5094 | D:6      | Killed Eustachio
  5115 | D:6      | Noticed Maggie
  5134 | D:6      | Killed Maggie
  5135 | D:6      | Reached skill level 8 in Long Blades
  5135 | D:6      | Reached skill level 5 in Armour
  5135 | D:6      | Gained mutation: You are partially covered in sharp spines.
                  | [demonic ancestry]
  5135 | D:6      | Reached XP level 9. HP: 66/71 MP: 9/9
  5193 | D:6      | Noticed a two-headed ogre
  5203 | D:6      | Killed a two-headed ogre
  5279 | D:6      | Reached *** piety under Jiyva
  5526 | D:7      | Reached skill level 9 in Long Blades
  5555 | D:7      | Found a staircase to the Ecumenical Temple.
  5611 | D:7      | Noticed Pikel
  5644 | D:7      | Killed Pikel
  5774 | D:7      | Noticed Prince Ribbit
  5816 | D:7      | Killed Prince Ribbit
  5865 | D:7      | Gained mutation: You have hidden genetic potential.
                  | [Jiyva's grace]
  5865 | D:7      | Gained mutation: You have great hidden genetic potential.
                  | [Jiyva's grace]
  5865 | D:7      | Gained mutation: You have a pair of small antennae on your
                  | head. [Jiyva's grace]
  5865 | D:7      | Gained mutation: You have a pair of antennae on your head.
                  | [Jiyva's grace]
  5980 | D:7      | Reached **** piety under Jiyva
  6033 | D:7      | Reached XP level 10. HP: 71/80 MP: 8/10
  6362 | D:8      | Noticed Erica
  6371 | D:7      | Killed Erica
  6372 | D:7      | Reached skill level 10 in Long Blades
  6428 | D:8      | Paralysed by a hornet for 1 turns
  6459 | D:8      | Noticed a two-headed ogre
  6469 | D:8      | Killed a two-headed ogre
  6470 | D:8      | Gained mutation: Your muscles are strong. (Str +4, Int/Dex
                  | -1) [hidden potential]
  6577 | D:8      | Noticed Maurice
  6599 | D:8      | Maurice stole a ring of willpower
  6605 | D:8      | Killed Maurice
  6983 | D:9      | Reached skill level 11 in Long Blades
  7002 | D:9      | Noticed Erolcha
  7014 | D:9      | Killed Erolcha
  7050 | D:9      | Noticed a two-headed ogre
  7059 | D:9      | Killed a two-headed ogre
  7112 | D:9      | Gained mutation: You are mostly covered in sharp spines.
                  | [demonic ancestry]
  7112 | D:9      | Reached XP level 11. HP: 79/89 MP: 11/11
  7147 | D:9      | Noticed a two-headed ogre
  7156 | D:9      | Killed a two-headed ogre
  7162 | D:9      | Noticed a two-headed ogre
  7170 | D:9      | Killed a two-headed ogre
  7181 | D:9      | Gained mutation: You passively dampen the noise of your
                  | surroundings. [hidden potential]
  7181 | D:9      | Lost mutation: You have great hidden genetic potential.
                  | [hidden potential expressed]
  7227 | D:9      | Noticed a deep elf pyromancer
  7239 | D:9      | Killed a deep elf pyromancer
  7240 | D:9      | Reached skill level 12 in Long Blades
  7299 | D:9      | You fall into a shaft and drop 3 floors!
  7401 | D:11     | Lost mutation: You have a pair of antennae on your head.
                  | [Jiyva's grace]
  7401 | D:11     | Lost mutation: You have a pair of small antennae on your
                  | head. [Jiyva's grace]
  7401 | D:11     | Lost mutation: You have hidden genetic potential. [Jiyva's
                  | grace]
  7401 | D:11     | Gained mutation: Your melee attacks may engulf your foes in
                  | ooze. [Jiyva's grace]
  7401 | D:11     | Gained mutation: You possess an exceptional clarity of
                  | mind. [Jiyva's grace]
  7401 | D:11     | Gained mutation: Your mind is acute. (Int +4, Str/Dex -1)
                  | [Jiyva's grace]
  7401 | D:11     | Gained mutation: Your mind is very acute. (Int +8, Str/Dex
                  | -2) [Jiyva's grace]
  7436 | D:11     | Noticed a skeletal warrior
  7436 | D:11     | Noticed a skeletal warrior
  7436 | D:11     | Noticed a skeletal warrior
  7451 | D:11     | Killed a skeletal warrior
  7453 | D:11     | Killed a skeletal warrior
  7454 | D:11     | Killed a skeletal warrior
  7455 | D:11     | Reached skill level 10 in Fighting
  7483 | D:10     | Entered Level 10 of the Dungeon
  7545 | D:9      | Noticed Jeremiah
  7550 | D:9      | Killed Jeremiah
  7684 | D:9      | Found a large runed translucent door.
  7686 | D:9      | Found a large runed translucent door.
  7698 | D:9      | Found a snail-covered altar of Cheibriados.
  8065 | D:10     | Reached skill level 13 in Long Blades
  8096 | D:10     | Gained mutation: You are completely covered in icy blue
                  | scales. (AC +4, rC+) [demonic ancestry]
  8096 | D:10     | Reached XP level 12. HP: 95/98 MP: 12/12
  8099 | D:10     | Noticed a two-headed ogre
  8099 | D:10     | Noticed a two-headed ogre
  8103 | D:10     | Noticed a two-headed ogre
  8109 | D:10     | Killed a two-headed ogre
  8115 | D:10     | Killed a two-headed ogre
  8119 | D:10     | Killed a two-headed ogre
  8316 | D:10     | Found Seleviuss's Antique Weapon Shop.
  8355 | D:10     | Reached ***** piety under Jiyva
  8531 | D:11     | Noticed a two-headed ogre
  8531 | D:11     | Noticed Psyche
  8549 | D:11     | Killed Psyche
  8556 | D:11     | Killed a two-headed ogre
  8594 | D:11     | Noticed Lodul
  8638 | D:11     | Reached skill level 14 in Long Blades
  8720 | D:11     | Killed Lodul
  8721 | D:11     | Reached skill level 10 in Armour
  8876 | D:11     | Found a staircase to the Lair.
  8950 | Lair:1   | Entered Level 1 of the Lair of Beasts
  8981 | Lair:1   | Lost mutation: Your mind is very acute. (Int +8, Str/Dex
                  | -2) [Jiyva's grace]
  8981 | Lair:1   | Lost mutation: You are occasionally teleported next to
                  | monsters. [Jiyva's grace]
  8981 | Lair:1   | Gained mutation: You are agile. (Dex +4, Str/Int -1)
                  | [Jiyva's grace]
  8981 | Lair:1   | Gained mutation: You are very agile. (Dex +8, Str/Int -2)
                  | [Jiyva's grace]
  8981 | Lair:1   | Lost mutation: Your skin changes colour to match your
                  | surroundings (Stealth+). [Jiyva's grace]
  8981 | Lair:1   | Gained mutation: Your translucent skin slightly reduces
                  | your foes' accuracy. (Stealth+) [Jiyva's grace]
  8981 | Lair:1   | Gained mutation: Your translucent skin reduces your foes'
                  | accuracy. (Stealth+) [Jiyva's grace]
  9106 | Lair:1   | Reached XP level 13. HP: 107/107 MP: 13/13
  9392 | Lair:1   | Reached skill level 15 in Long Blades
  9584 | Lair:2   | Found a hide-covered altar of Uskayaw.
  9621 | Lair:2   | Found an ornate altar of the Wu Jian Council.
  9742 | Lair:2   | Found a staircase to the Shoals.
 10372 | Lair:3   | Lost mutation: You possess an exceptional clarity of mind.
                  | [Jiyva's grace]
 10372 | Lair:3   | Lost mutation: Your mind is acute. (Int +4, Str/Dex -1)
                  | [Jiyva's grace]
 10372 | Lair:3   | Gained mutation: You are somewhat resistant to further
                  | mutation. [Jiyva's grace]
 10372 | Lair:3   | Gained mutation: You are somewhat resistant to both further
                  | mutation and mutation removal. [Jiyva's grace]
 10372 | Lair:3   | Gained mutation: You are almost entirely resistant to
                  | further mutation and mutation removal. [Jiyva's grace]
 10372 | Lair:3   | Gained mutation: You have a pair of small horns on your
                  | head. [Jiyva's grace]
 10415 | Lair:3   | Reached ****** piety under Jiyva
 10455 | Lair:3   | Found a hole to the Spider Nest.
 10761 | Lair:3   | Reached skill level 16 in Long Blades
 10826 | Lair:3   | Noticed Urug
 10834 | Lair:3   | Killed Urug
 10835 | Lair:3   | Reached XP level 14. HP: 87/116 MP: 11/14
 11575 | Lair:4   | Lost mutation: You are very agile. (Dex +8, Str/Int -2)
                  | [Jiyva's grace]
 11575 | Lair:4   | Lost mutation: You are almost entirely resistant to further
                  | mutation and mutation removal. [Jiyva's grace]
 11575 | Lair:4   | Lost mutation: You are somewhat resistant to both further
                  | mutation and mutation removal. [Jiyva's grace]
 11575 | Lair:4   | Lost mutation: Your muscles are strong. (Str +4, Int/Dex
                  | -1) [Jiyva's grace]
 11575 | Lair:4   | Lost mutation: Your translucent skin reduces your foes'
                  | accuracy. (Stealth+) [Jiyva's grace]
 11575 | Lair:4   | Gained mutation: You have very sharp teeth. [Jiyva's grace]
 11575 | Lair:4   | Gained mutation: You have extremely sharp teeth. [Jiyva's
                  | grace]
 11575 | Lair:4   | Gained mutation: You have razor-sharp teeth. [Jiyva's
                  | grace]
 11575 | Lair:4   | Gained mutation: You are robust. (+10% HP) [Jiyva's grace]
 11947 | Lair:4   | Identified the +7 mace of Lauf {freeze, rElec rN+}
 12682 | D:2      | Bought a scroll of acquirement for 572 gold pieces
 12682 | D:2      | Acquired the ring of Ticips {rPois rN+ Dex+2 SInv}
 13524 | D:12     | Found Pahomueh's Weapon Emporium.
 13525 | D:12     | Found a staircase to the Orcish Mines.
 14117 | D:12     | Found a runed translucent gate.
 14117 | D:12     | Found a runed translucent gate.
 14117 | D:12     | Found a runed translucent gate.
 14171 | D:12     | Reached skill level 5 in Dodging
 14191 | D:12     | Noticed a sphinx
 14259 | D:12     | Found a runed translucent gate.
 14259 | D:12     | Found a runed translucent gate.
 14259 | D:12     | Found a runed translucent gate.
 14268 | D:12     | Noticed a fire giant
 14270 | D:12     | Noticed a vampire knight
 14285 | D:12     | Killed a sphinx
 14303 | D:12     | Killed a fire giant
 14311 | D:12     | HP: 7/193 [vampire knight/+1 great sword (13)]
 14312 | D:12     | Killed from afar by a vampire knight

Illustrated notes

Levels and vault maps discovered:
D:1:      evilmike_arrival_crescent, layout_basic
D:2:      layout_basic, serial_shops, nicolae_shop_rolled_up, minmay_hexomino_f4
D:3:      layout_rooms
D:4:      cheibrodos_pilgrimage, layout_cave_pools, uniq_edmund
D:5:      layout_rooms, mainiacjoe_sewer_entry_somewhere_in_here_2
D:6:      layout_basic, grunt_gozag_statues, serial_shops, shop,
          chequers_garden, uniq_eustachio, uniq_maggie
D:7:      layout_loops_corners, minmay_temple_entry_waves, uniq_prince_ribbit1,
          uniq_pikel
D:8:      layout_cave_pools, uniq_maurice, uniq_erica
D:9:      layout_roguey, jmf_multi_god_temple2, uniq_jeremiah, uniq_erolcha
D:10:     lemuel_ogre_cave, layout_irregular_city, serial_shops,
          nicolae_shop_window_shopping
D:11:     layout_rooms, due_lair_maze_entry_diamond, uniq_lodul, uniq_psyche
D:12:     kennysheep_treasure_stockpile, layout_loops_corners, orc_david_3,
          special_room [special_room_orc], nicolae_figureground_sparkle
Lair:1:   layout_big_grid, minivault_24, minmay_shattered_shrine,
          infiniplex_staircase_pool_2
Lair:2:   layout_long_grid, shoals_dummy_entry, nzn_masters_of_martial_movement
Lair:3:   layout_chaotic_city, dummy_spider_entry, beast_lair_carwin_8,
          uniq_urug
Lair:4:   layout_layer_cave, minmay_lindwurm_lava

Skill      XL: |  1  2  3  4  5  6  7  8  9 10 11 12 13 14 |
---------------+-------------------------------------------+-----
Long Blades    | 3 4 5 6 8 9 11 13 14 16 | 16.9
Armour         | 1 2 3 5 6 7 9 10 11 12 | 12.0
Fighting       | 4 5 6 7 9 10 11 12 13 | 13.5
Dodging        | 3 5 |  5.3

Action                     |  1- 3 |  4- 6 |  7- 9 | 10-12 | 13-15 || total
---------------------------+-------+-------+-------+-------+-------++-------
  Melee: Falchion          |    95 |    58 |       |       |       ||   153
         Long sword        |       |   142 |   246 |       |    18 ||   406
         Punch             |       |     1 |     3 |       |       ||     4
         Kick              |       |       |    79 |    93 |   149 ||   321
         Great sword       |       |       |    14 |   312 |   373 ||   699
         Headbutt          |       |       |       |       |    66 ||    66
         Bite              |       |       |       |       |    20 ||    20
  Throw: Dart              |       |     4 |     4 |     4 |     1 ||    13
 Invoke: Oozemancy         |       |       |       |     4 |     1 ||     5
  Evoke: Wand              |       |       |     1 |    13 |     6 ||    20
    Use: Scroll            |     2 |    10 |     1 |     8 |     6 ||    27
         Potion            |     1 |     3 |     1 |       |     4 ||     9
   Stab: Distracted        |       |     1 |       |     1 |     1 ||     3
         Sleeping          |       |       |    13 |     7 |     8 ||    28
 Armour: Ring mail         |    84 |   147 |   166 |   200 |   284 ||   881
         Skin              |       |    16 |       |       |    26 ||    42
  Dodge: Dodged            |    72 |   123 |   133 |   135 |   225 ||   688

Table legend: (Time is in decaauts)
 A = Elapsed time spent in this place.
 B = Non-inter-level travel time spent in this place.
 C = Inter-level travel time spent in this place.
 D = Time resting spent in this place.
 E = Time spent auto-exploring this place.
 F = Levels seen in this place.
 G = Mean time per level.
                   A        B        C        D        E       F      G
               +--------+--------+--------+--------+--------+-----+--------+
         Total |  14437 |  12934 |   1503 |    766 |   8607 |  17 |  849.2 |
       Dungeon |  10402 |   9187 |   1215 |    658 |   5976 |  12 |  866.8 |
          Lair |   3615 |   3327 |    288 |    107 |   2405 |   4 |  903.8 |
         Sewer |    420 |    420 |      0 |      0 |    224 |   1 |  420.0 |
               +--------+--------+--------+--------+--------+-----+--------+

Top non-repeatable levels by time:
     D:2: 1269 daAuts
  Lair:4: 1269 daAuts
     D:1: 1107 daAuts
     D:4: 1030 daAuts
     D:7: 1016 daAuts
     D:6: 954 daAuts
  Lair:3: 936 daAuts
    D:12: 910 daAuts
    D:10: 838 daAuts
  Lair:2: 756 daAuts
     D:9: 707 daAuts
    D:11: 668 daAuts
     D:5: 660 daAuts
  Lair:1: 653 daAuts
     D:3: 648 daAuts
